 Dungeon Crawl Stone Soup version 0.29.1-1-gd02db6906a (webtiles) character file.

Game seed: 8858771528993664445

644 xian the Ducker (level 7, -3/67 HPs)
             Began as a Troll Chaos Knight on Oct 14, 2022.
             Was a Plaything of Xom.
             Slain by an ogre
             ... wielding a +0 giant club
              (16 damage)
             ... on level 5 of the Dungeon.
             The game lasted 00:11:09 (2873 turns).

xian the Ducker (Troll Chaos Knight)                Turns: 2873, Time: 00:11:10

Health: -3/67      AC:  7    Str: 23    XL:     7   Next: 27%
Magic:  15/15      EV: 10    Int: 14    God:    Xom [...*..]
Gold:   203        SH:  0    Dex:  9    Spells: 6/6 levels left

rFire   . . .      SeeInvis .   g - +3 dagger (elec)
rCold   . . .      Faith    .   (no shield)
rNeg    . . .      Spirit   .   a - +2 robe
rPois   .          Reflect  .   (helmet restricted)
rElec   .          Harm     .   m - +0 cloak
rCorr   .          Rampage  .   (gloves unavailable)
Will    .....                   (boots unavailable)
Stlth   +.........              (no amulet)
HPRegen 1.01/turn               e - +6 ring of intelligence
MPRegen 0.14/turn               k - ring of magical power

@: no status effects
A: large, unfitting armour, claws 3, regeneration 1, shaggy fur 1, tough skin 1
a: Renounce Religion


You were on level 5 of the Dungeon.
You worshipped Xom.
You were a favourite toy of Xom.
You visited 1 branch of the dungeon, and saw 5 of its levels.

You collected 203 gold pieces.

Inventory:

Hand Weapons
 c - a +0 sling
 g - a +3 dagger of electrocution (weapon)
Missiles
 r - 3 boomerangs (quivered)
 w - a stone
Armour
 a - a +2 robe (worn)
 m - a +0 cloak (worn)
Jewellery
 e - a +6 ring of intelligence (left claw)
 k - a ring of magical power (right claw)
Scrolls
 d - 2 scrolls of poison {unknown}
 f - a scroll of noise {unknown}
 h - 3 scrolls of immolation {unknown}
 i - a scroll of blinking {unknown}
 o - a scroll of enchant armour {unknown}
 p - 2 scrolls of teleportation {unknown}
 s - a scroll of fear
 t - 3 scrolls of enchant weapon
 u - a scroll of magic mapping
 v - a scroll of fog
Potions
 j - a potion of magic
 l - a potion of flight
 n - a potion of ambrosia
 q - a potion of heal wounds
Miscellaneous
 b - a piece from Xom's chessboard (15/15)


   Skills:
 + Level 3.5 Fighting
 + Level 3.6 Short Blades
 + Level 1.1 Ranged Weapons
 + Level 1.0 Throwing
 + Level 3.9 Dodging
 + Level 0.9 Stealth
 + Level 3.2 Unarmed Combat
 + Level 0.2 Evocations


You had 6 spell levels left.
You didn't know any spells.
Your spell library contained the following spells:

 Spells                   Type           Power      Damage    Failure   Level
 Olgreb's Toxic Radiance  Pois           0%         N/A       96%         4
 Ozocubu's Refrigeration  Ice            0%         4d7       100%        7
 Ignition                 Fire           0%         3d3       100%        8


Dungeon Overview and Level Annotations

Branches:
Dungeon (5/15)
 Temple: D:4-7

Altars:
Gozag
Hepliaklqana
Vehumet


Innate Abilities, Weirdness & Mutations

You are too large for most types of armour.
You have claws for hands.
Your natural rate of healing is unusually fast.
You are covered in fur. (AC +1)
You have tough skin. (AC +1)


Message History

Your white imp hits the ogre but does no damage.
The orc priest barely misses you. The orc closely misses you.
The ogre misses your white imp.
You hit the orc priest.
The orc priest is severely wounded.
Your white imp gestures at the orc priest.
The puff of frost hits the ogre!
The orc misses you.
The orc priest calls down the wrath of Beogh upon you.
Beogh smites you!
You hit the orc priest.
You kill the orc priest!
The ogre hits you with a +0 giant club!!
* * * LOW HITPOINT WARNING * * *
Your white imp completely misses the ogre.
Your Throwing skill increases to level 1!
Unknown command.
The orc attacks as you move away! The orc closely misses you.
The orc attacks as you move away!
The orc hits you with a +2 vorpal falchion.
* * * LOW HITPOINT WARNING * * *
x2 The orc attacks as you move away!
The orc barely misses you.
Your white imp hits the ogre.
Your white imp freezes the ogre.
Your white imp gestures at the ogre.
The puff of frost hits the ogre!
The ogre hits your white imp with a +0 giant club!!
Your white imp dies!
Your white imp degenerates into a cloud of primal chaos!
The ogre shouts!
You hit the orc. Lightning courses through the orc!!
You kill the orc!
You are too injured to fight recklessly!
Throw: 3 boomerangs
Press: ? - help, Q - select action, (/) - cycle Shift-Dir - straight line, f - ogre
Aim: an ogre, wielding a +0 giant club (almost dead, 71% to hit)
You throw a boomerang. The boomerang barely misses the ogre.
Unknown command.
You barely miss the ogre.
The ogre is almost dead.
The ogre hits you with a +0 giant club!
You die...

#.......# ###.#######
#.......# #.)).......
#.......# #.#.#######
#.......###'#.#######
#####.##............#
#.##............#
#.##............#
#.##.....O.)....#
#........@......# ##
####............#
.##########............#
........).).............
.#######.........#######
## ###.....### # ##...##
# ...... # #...##.


You could see an ogre.

Vanquished Creatures
  Duvessa (D:4)
  A centaur (D:5)
  Dowan (D:4)
  3 jellies
  4 orc priests
  An iguana (D:5)
  4 adders
  3 worms
  3 dart slugs
  18 orcs
  6 ball pythons
  5 bats
  8 endoplasms
  11 giant cockroaches
  11 goblins
  8 hobgoblins
  6 jackals
  5 frilled lizards
  8 kobolds
  8 rats
115 creatures vanquished.

Vanquished Creatures (collateral kills)
  An orc (D:5)
  An endoplasm (D:3)
  A goblin (D:3)
3 creatures vanquished.

Grand Total: 118 creatures vanquished

Notes
Turn   | Place    | Note
-------+----------+-------------------------------------------
     0 | D:1      | xian the Troll Chaos Knight began the quest for the Orb.
     0 | D:1      | Reached XP level 1. HP: 22/22 MP: 0/0
    13 | D:1      | XOM: divination: detect items
    44 | D:1      | Found a faded altar of an unknown god.
    70 | D:1      | XOM: potion effect (berserk rage)
   241 | D:1      | Reached XP level 2. HP: 29/29 MP: 1/1
   573 | D:2      | XOM: confuse monster(s)
   582 | D:2      | Reached skill level 1 in Ranged Weapons
   608 | D:2      | Reached XP level 3. HP: 36/36 MP: 2/2
   609 | D:2      | XOM: blink monster(s)
   693 | D:2      | Reached skill level 1 in Short Blades
   693 | D:2      | Reached XP level 4. HP: 37/44 MP: 3/3
   726 | D:2      | XOM: polymorph goblin -> rat
   765 | D:2      | XOM: smoke on damage
   859 | D:2      | You fall into a shaft and drop 1 floor!
  1216 | D:3      | XOM: summons 2 friendly demons
  1246 | D:3      | Identified the +4 ring mail of the Pit {Dex+2 Slay+2}
  1248 | D:3      | XOM: enchant monster (good)
  1289 | D:3      | Reached XP level 5. HP: 52/52 MP: 4/4
  1420 | D:3      | XOM: cast spell 'Statue Form'
  1578 | D:3      | Found a radiant altar of Vehumet.
  1581 | D:3      | XOM: scenery: summon butterflies
  1622 | D:3      | Found an opulent altar of Gozag.
  1674 | D:3      | XOM: god gift: long sword {god gift}
  1775 | D:4      | XOM: god gift: scroll labelled ISAEPS DAULL {god gift}
  1843 | D:4      | XOM: 2-stop teleportation journey
  1899 | D:4      | Reached XP level 6. HP: 29/58 MP: 5/5
  1979 | D:4      | XOM: divination: detect creatures
  2118 | D:4      | Found a hazy altar of Hepliaklqana.
  2213 | D:4      | Noticed Dowan
  2215 | D:4      | Noticed Duvessa
  2238 | D:4      | Killed Duvessa
  2255 | D:4      | Killed Dowan
  2664 | D:5      | Entered Level 5 of the Dungeon
  2759 | D:5      | Reached XP level 7. HP: 35/67 MP: 6/6
  2859 | D:5      | XOM: summons friendly white imp
  2865 | D:5      | Reached skill level 1 in Throwing
  2873 | D:5      | Slain by an ogre

Illustrated notes

Levels and vault maps discovered:
D:1:      dpeg_arrival_rooms_b, layout_rooms, ebering_ecumenical_altar_rust
D:2:      minmay_roachtagon, layout_rooms
D:3:      layout_basic, mainiacjoe_overflow_swirl, st_stairs_3
D:4:      layout_loops_cross, nicolae_hepliaklqana_hippocampus, uniq_duvessa
D:5:      gammafunk_steamed_eel, layout_basic, zin_purify,
          mainiacjoe_overflow_paths, minmay_fire_ice_demons

Skill      XL: |  1  2  3  4  5  6  7 |
---------------+----------------------+-----
Dodging        | 2 3 |  3.9
Ranged Weapons | 1 |  1.1
Short Blades   | 1 2 3 |  3.6
Fighting       | 3 |  3.5
Throwing       | 1 |  1.0
Stealth        | |  0.9
Unarmed Combat | |  3.2
Evocations     | |  0.2

Action                   |  1- 3 |  4- 6 |  7- 9 || total
-------------------------+-------+-------+-------++-------
Melee: Dagger            |    66 |   318 |    22 ||   406
       Sling             |     6 |       |       ||     6
       Unarmed           |     1 |       |       ||     1
       Punch             |     1 |     6 |       ||     7
 Fire: Sling             |    10 |       |       ||    10
Throw: Boomerang         |       |     6 |     3 ||     9
       Stone             |       |    21 |       ||    21
Evoke: Piece from Xom's  |     6 |       |       ||     6
  Use: Scroll            |       |     3 |     1 ||     4
       Potion            |       |     7 |       ||     7
 Stab: Petrified         |       |     1 |       ||     1
       Invisible         |       |     3 |       ||     3
Armor: Robe              |    89 |   140 |     3 ||   232
       Skin              |       |    13 |       ||    13
Dodge: Dodged            |    77 |   166 |     7 ||   250
